Map: World of Sleepers LE

Players

Slam

  • Race: Zerg Zerg
  • League: Diamond
  • Spawn Location: 1:00

OldGreg - Winner!

  • Race: Protoss Protoss
  • League: Diamond
  • Spawn Location: 7:00

VOD

Have the link to the VOD?

Description

Time

  • Played on: Jan. 25, 2020, 7:26 p.m.
  • Length: 9:00
Show
View Real Time Build Order
Export as new Build Order

Slam Zerg 

Build Orders: Hatch First 

Get SALT Encoding   

  12  0:00  Drone  
  13  0:12  Overlord  
  13  0:20  Drone  
  14  0:31  Drone x2  
  16  0:52  Drone  
  16  0:54  Drone  
  18  0:58  Drone  
  18  0:59  Hatchery  
  18  1:08  Extractor  
  17  1:15  Spawning Pool  
  17  1:17  Drone  
  17  1:26  Drone  
  17  1:30  Drone  
  19  1:44  Overlord  
  19  2:02  Hatchery  
  18  2:12  Zergling x2  
  19  2:17  Zergling x2  
  20  2:24  Drone  
  20  2:27  Roach Warren, Zergling x2  
  21  2:36  Drone x2  
  22  2:48  Drone x2  
  23  3:03  Queen, Drone  
  26  3:11  Drone  
  27  3:23  Drone  
  27  3:26  Extractor  
  27  3:29  Roach x3  
  27  3:30  Queen  
  35  3:40  Metabolic Boost  
  34  3:42  Drone  
  34  3:45  Overlord  
  35  3:53  Overlord  
  35  4:08  Ravager x2  
  35  4:09  Ravager  
  38  4:10  Roach  
  38  4:11  Drone x3  
  43  4:28  Roach  
  45  4:40  Ravager  
  45  4:43  Extractor  
  45  4:44  Extractor, Drone x3  
  45  4:45  Overlord x2  
  47  4:46  Drone x3  
  47  5:09  Drone  
  47  5:10  Drone x2  
  47  5:11  Ravager  
  51  5:17  Zergling x4  
  51  5:25  Queen  
  51  5:27  Roach x3  
  56  5:44  Roach x2  
  56  5:45  Overlord x3  
  52  6:05  Roach x2  
  52  6:10  Ravager x2  
  52  6:11  Ravager  
  59  6:17  Drone x2  
  58  6:26  Ravager  
  44  6:41  Ravager  
  44  6:42  Roach x4  
  44  6:43  Roach x3  
  56  6:49  Roach x2  
  56  6:54  Roach x3  
  59  6:56  Queen  
  61  7:07  Ravager  
  61  7:08  Ravager x2  
  62  7:09  Ravager  
  62  7:11  Ravager x2  
  62  7:13  Ravager  
Show
View Real Time Build Order
Export as new Build Order

OldGreg Protoss - Winner!

Build Orders:  

Get SALT Encoding   

  12  0:01  Probe (Chrono Boost)  
  13  0:13  Probe (Chrono Boost)  
  14  0:18  Pylon  
  14  0:23  Probe  
  15  0:36  Probe  
  15  0:39  Gateway  
  16  0:52  Forge  
  16  1:01  Pylon  
  16  1:08  Probe (Chrono Boost)  
  16  1:09  Assimilator  
  17  1:18  Probe (Chrono Boost)  
  18  1:23  Probe (Chrono Boost)  
  19  1:30  Cybernetics Core  
  19  1:37  Pylon  
  19  1:53  Assimilator  
  20  1:56  Photon Cannon  
  20  2:01  Photon Cannon  
  19  2:32  Pylon, Probe  
  19  2:35  Adept  
  22  2:44  Probe  
  23  2:58  Gateway  
  23  3:06  Photon Cannon  
  23  3:17  Pylon  
  23  3:21  Robotics Facility  
  23  3:30  Gateway  
  23  3:49  Pylon  
  23  3:52  Stalker  
  23  3:54  Shield Battery  
  25  4:11  Shield Battery  
  25  4:15  Immortal  
  29  4:19  Photon Cannon  
  29  4:27  Stalker x2  
  33  4:50  Probe  
  33  4:51  Assimilator  
  34  4:54  Immortal  
  38  5:02  Probe  
  37  5:10  Pylon  
  37  5:25  Stalker  
  39  5:28  Stalker  
  39  5:30  Shield Battery  
  41  5:42  Shield Battery  
  36  5:44  Pylon  
  35  5:51  Shield Battery  
  35  6:08  Shield Battery  
  35  6:17  Pylon  
  33  6:44  Stalker x2  
  37  6:59  Shield Battery  
  37  7:00  Shield Battery  
  35  7:33  Shield Battery  
Tags
 
Add a new tag
Caveats
  • Supply blocks, unpowered buildings, or Contaminate may cause inaccurate times.
  • Supply counts are checked every 10 seconds.